Map: Dash and Terminal LE (Void)

Players

wabbajack

  • Race: Zerg Zerg
  • League: Grandmaster

TestingBee - Winner!

  • Race: Terran Terran
  • League: Grandmaster

VOD

Have the link to the VOD?

Description

Time

  • Played on: July 14, 2015, 4:15 p.m.
  • Length: 19:22
Show
View Real Time Build Order
Export as new Build Order

wabbajack Zerg 

Build Orders: Hatch First, Lurkers 

Get SALT Encoding   

  12  0:02  Drone  
  13  0:19  Drone  
  14  0:24  Overlord  
  14  0:27  Extractor  
  13  0:29  Drone  
  13  0:30  Extractor  
  13  0:31  Drone  
  16  0:59  Hatchery  
  16  1:04  Drone x2  
  17  1:11  Extractor  
  16  1:19  Spawning Pool  
  16  1:25  Drone x2  
  17  1:39  Overlord  
  17  1:41  Drone  
  18  2:02  Drone x2  
  18  2:08  Evolution Chamber  
  19  2:11  Queen  
  19  2:13  Queen  
  23  2:18  Drone  
  23  2:21  Drone  
  25  2:33  Zergling x4  
  27  2:42  Zergling x2  
  28  2:44  Zerg Melee Weapons Level 1  
  28  2:54  Metabolic Boost  
  29  3:12  Drone  
  29  3:13  Drone x2  
  29  3:14  Overlord  
  29  3:15  Drone  
  29  3:16  Drone  
  32  3:31  Drone x3  
  35  3:34  Overlord  
  35  3:41  Zergling x10  
  40  3:56  Zergling x2  
  40  3:57  Zergling x12  
  40  4:02  Overlord  
  47  4:14  Baneling Nest  
  46  5:05  Overlord  
  46  5:06  Overlord  
  46  5:10  Roach Warren, Extractor  
  46  5:11  Drone  
  46  5:12  Drone x5  
  50  5:19  Overlord x4  
  50  5:21  Lair  
  49  5:51  Drone x2  
  49  5:52  Drone x5, Extractor  
  49  5:55  Hatchery  
  41  6:15  Overlord  
  41  6:27  Spore Crawler, Overseer  
  39  6:47  Drone x4  
  39  6:48  Drone x12  
  39  6:52  Spine Crawler  
  54  6:58  Spore Crawler  
  54  7:00  Spine Crawler  
  52  7:05  Overlord  
  52  7:06  Overlord, Queen  
  54  7:18  Extractor  
  53  7:23  Hydralisk Den, Zerg Ground Armor Level 1  
  53  7:25  Drone x3  
  53  7:26  Drone  
  56  7:31  Drone x3  
  59  7:45  Drone  
  59  7:50  Drone x3  
  63  7:51  Overlord x2  
  63  7:54  Muscular Augments  
  63  8:02  Drone  
  63  8:03  Drone x2  
  63  8:04  Infestation Pit  
  65  8:08  Drone  
  65  8:09  Drone x5  
  71  8:16  Drone x4  
  73  8:32  Roach  
  73  8:33  Roach x6  
  82  8:44  Hive  
  82  8:47  Hydralisk  
  82  8:48  Hydralisk x3  
  90  8:57  Drone x2  
  90  8:58  Drone  
  90  9:00  Spore Crawler, Lurker Den  
  90  9:02  Spine Crawler  
  91  9:04  Drone x3, Spore Crawler  
  91  9:06  Extractor  
  91  9:07  Extractor  
  91  9:15  Overlord  
  91  9:16  Overlord x2  
  91  9:21  Drone x3  
  91  9:22  Drone x2  
  91  9:24  Drone  
  97  9:47  Overlord  
  97  9:48  Overlord  
  97  9:52  Zerg Missile Weapons Level 1  
  97  9:56  Viper x3  
  106  10:06  Zergling x18  
  106  10:07  Zergling x10  
  120  10:09  Overlord  
  120  10:10  Overlord  
  120  10:19  Overlord x4  
  120  10:28  Evolution Chamber  
  119  10:31  Lurker x4  
  123  10:50  Spire  
  123  10:51  Hydralisk x4, Roach x2  
  123  10:52  Roach x5  
  144  11:02  Overseer  
  144  11:04  Pneumatized Carapace  
  144  11:11  Hatchery  
  143  11:24  Overseer x2  
  143  11:25  Overlord x2  
  143  11:30  Hydralisk x2, Roach x2  
  143  11:31  Hydralisk, Roach x4  
  143  11:32  Roach x4  
  169  11:35  Zergling x4  
  169  11:36  Zergling x4  
  167  11:58  Roach x8  
  167  11:59  Roach x2  
  68  13:22  Queen  
  68  13:28  Corruptor  
  68  13:29  Corruptor x12  
  94  13:34  Greater Spire  
  94  13:35  Zerg Ground Armor Level 2  
  94  13:37  Extractor  
  94  13:38  Extractor  
  92  13:48  Zerg Melee Weapons Level 2  
  92  13:51  Overlord x2  
  92  13:58  Drone x2  
  92  13:59  Drone  
  92  14:00  Drone x10  
  105  14:11  Adrenal Glands  
  105  14:16  Ultralisk Cavern  
  104  14:17  Spore Crawler  
  104  14:20  Spore Crawler  
  97  14:24  Roach x6  
  97  14:25  Roach x7  
  97  14:59  Roach x5  
  105  15:03  Brood Lord  
  105  15:04  Brood Lord x2  
  109  15:46  Corruptor  
  109  15:47  Corruptor x6  
  109  15:48  Zergling x2  
  124  15:56  Drone  
  124  15:57  Drone x3  
  83  16:43  Hydralisk x2  
  83  16:44  Hydralisk x3, Roach x4  
  83  16:45  Roach x2  
  97  17:14  Hatchery  
  90  17:20  Zerg Flyer Weapons Level 1  
  90  17:22  Hydralisk  
  90  17:23  Hydralisk x3  
  98  17:32  Overseer x2  
  98  17:39  Chitinous Plating  
  98  18:09  Hatchery  
  61  18:36  Queen  
  63  18:55  Drone  
  64  18:56  Drone x9  
  64  18:57  Drone x11  
  84  19:09  Extractor  
  83  19:14  Extractor  
Show
View Real Time Build Order
Export as new Build Order

TestingBee Terran - Winner!

Build Orders: Mech, Siege Tank Drop 

Get SALT Encoding   

  12  0:01  SCV  
  13  0:13  SCV  
  14  0:21  Supply Depot  
  14  0:25  SCV  
  15  0:30  Refinery  
  15  0:45  Barracks  
  15  0:46  SCV  
  16  0:58  SCV  
  17  1:10  SCV  
  18  1:22  SCV  
  19  1:33  Reaper  
  19  1:34  Supply Depot, Orbital Command  
  20  1:49  Factory  
  20  1:53  Refinery  
  20  1:55  Barracks  
  20  2:00  SCV  
  21  2:12  SCV  
  22  2:24  SCV  
  23  2:45  Factory Tech Lab, Barracks Reactor  
  23  2:49  Factory  
  23  2:50  Command Center  
  23  2:52  Marine  
  24  3:14  Siege Tank  
  24  3:19  Reaper  
  29  3:20  SCV  
  29  3:32  SCV  
  30  3:37  Starport  
  30  3:45  SCV  
  31  3:52  Supply Depot  
  31  4:02  SCV, Hellion x2, Siege Tank, Orbital Command  
  39  4:06  Marine x2  
  41  4:14  SCV  
  41  4:15  Medivac  
  44  4:23  Widow Mine x2  
  48  4:25  Supply Depot  
  48  4:30  Orbital Command  
  48  4:33  SCV  
  49  4:45  SCV  
  50  4:47  Viking  
  50  4:51  Widow Mine x2  
  56  4:57  SCV  
  56  4:58  SCV  
  58  5:09  SCV  
  58  5:10  SCV  
  60  5:20  Factory, Widow Mine  
  62  5:34  SCV  
  61  5:53  Orbital Command  
  61  6:07  Supply Depot, Viking, Factory Reactor, Widow Mine x2  
  61  6:09  Siege Tank  
  70  6:29  SCV x2  
  70  6:41  SCV  
  71  6:50  Hellion x2  
  71  6:53  Siege Tank  
  78  6:56  Command Center  
  78  6:59  Starport  
  78  7:03  Starport  
  78  7:08  Refinery  
  78  7:09  Refinery  
  78  7:34  Supply Depot x2  
  78  7:35  Supply Depot  
  78  7:37  Supply Depot  
  78  7:39  Liberator  
  78  7:44  Starport Reactor  
  78  7:55  SCV x2  
  78  7:56  Hellion x5  
  78  7:57  Supply Depot  
  78  7:58  Supply Depot  
  93  8:02  Supply Depot  
  93  8:05  Supply Depot  
  93  8:08  SCV  
  93  8:11  Starport Tech Lab  
  94  8:17  Hellion x2  
  94  8:18  Hellion  
  98  8:20  Infernal Pre-Igniter  
  98  8:21  Liberator  
  93  8:34  SCV x2  
  93  8:38  Orbital Command  
  98  8:46  SCV  
  99  8:58  Siege Tank  
  99  8:59  Hellion  
  99  9:01  Command Center  
  104  9:09  SCV x2  
  107  9:10  Liberator  
  106  9:21  SCV, Medivac  
  106  9:22  Raven  
  114  9:41  Orbital Command, Starport Tech Lab  
  114  9:49  Hellion x2  
  118  10:02  Armory  
  118  10:05  Raven  
  120  10:09  Engineering Bay  
  120  10:11  SCV x3  
  123  10:17  Raven  
  125  10:23  SCV  
  126  10:38  Hellion  
  126  10:39  Hellion x3  
  126  10:42  Siege Tank  
  137  10:48  Raven  
  139  10:52  SCV  
  139  10:53  SCV x2  
  139  10:56  Orbital Command  
  142  11:00  Hellion x4  
  142  11:01  Liberator x2  
  142  11:14  Siege Tank  
  143  11:21  Hellion x3  
  155  11:26  Supply Depot  
  155  11:28  Supply Depot  
  155  11:30  Refinery  
  155  11:33  Refinery  
  147  12:25  Liberator x3  
  147  12:26  Liberator  
  137  12:46  Hellion x5  
  130  13:07  Hellion x4  
  130  13:08  Hellion, Orbital Command  
  137  13:28  Hellion  
  137  13:29  SCV, Hellion x4, Liberator x2  
  137  13:30  Liberator x2  
  148  13:38  Unknown  
  160  13:50  Hellion x5  
  160  13:53  Factory x2  
  170  13:57  Factory  
  170  14:11  Hellion x3  
  170  14:12  Liberator  
  179  14:37  Hellion x13  
  179  14:44  Thor  
  185  14:46  Widow Mine  
  187  14:56  Widow Mine  
  187  14:57  Widow Mine  
  187  15:00  Widow Mine  
  187  15:04  Factory Tech Lab x2  
  187  15:05  Factory Tech Lab  
  183  15:17  Widow Mine  
  165  16:32  SCV  
  156  16:33  SCV x3  
  156  16:35  Widow Mine  
  155  16:44  Thor  
  151  16:47  Thor  
  151  16:51  Hellion x2  
  153  16:59  Thor  
  155  17:04  Hellion  
  155  17:23  Liberator x4  
  155  17:33  Supply Depot  
  155  17:39  Thor  
  155  17:40  Thor x2, Hellion x3  
  191  17:54  Supply Depot, Thor  
  191  17:55  Supply Depot  
  197  18:01  Hellion  
  199  18:22  Hellion  
  199  18:23  Hellion x2  
  189  18:34  Hellion  
  189  18:35  Hellion x2  
  189  18:37  Hellion  
Tags
 
Add a new tag
Caveats
  • Supply blocks, unpowered buildings, or Contaminate may cause inaccurate times.
  • Supply counts are checked every 10 seconds.